 Dungeon Crawl Stone Soup version 0.30-a0-394-g3e4acdb0ae (webtiles) character file.

Game seed: 3530093909565553916

49 greasedhog the Trooper (level 3, 0/41 HPs)
             Began as an Ogre Fighter on Dec 7, 2022.
             Slain by a hobgoblin (3 damage)
             ... led by Robin
             ... on level 2 of the Dungeon.
             The game lasted 00:01:38 (1271 turns).

greasedhog the Trooper (Ogre Fighter)               Turns: 1271, Time: 00:01:38

Health: 0/41       AC:  3    Str: 22    XL:     3   Next: 77%
Magic:  3/3        EV:  8    Int:  9    God:
Gold:   50         SH:  7    Dex:  8    Spells: 0/2 levels left

rFire   . . .      SeeInvis .    a - +0 flail
rCold   . . .      Faith    .    c - +0 kite shield
rNeg    . . .      Spirit   .    b - +0 robe
rPois   .          Reflect  .    (helmet restricted)
rElec   .          Harm     .    (no cloak)
rCorr   .          Rampage  .    (gloves unavailable)
Will    .....                    (boots unavailable)
Stlth   +.........               (no amulet)
HPRegen 0.26/turn                (no ring)
MPRegen 0.08/turn                (no ring)

@: mighty
A: large, unfitting armour, tough skin 1
a: no special abilities


You were on level 2 of the Dungeon.
You visited 1 branch of the dungeon, and saw 2 of its levels.

You collected 50 gold pieces.

Inventory:

Hand Weapons
 a - a +0 flail (weapon)
Armour
 b - a +0 robe (worn)
 c - a +0 kite shield (worn)
Wands
 p - a wand of iceblast (8)
Scrolls
 h - a scroll of enchant weapon {unknown}
 j - a scroll of noise {unknown}
 k - a scroll of butterflies {unknown}
 l - a scroll of fear {unknown}
 m - a scroll of teleportation {unknown}
 q - a scroll of summoning {unknown}
Potions
 e - a potion of attraction {unknown}
 f - a potion of haste {unknown}
 g - a potion of curing {unknown}
 i - 3 potions of magic
 n - a potion of resistance {unknown}
 o - a potion of flight {unknown}


   Skills:
 * Level 4.8 Fighting
 * Level 2.5 Maces & Flails
 * Level 3.2 Dodging
 - Level 3.0 Shields


You couldn't memorise any spells.
You knew the following spells:

 Your Spells              Type           Power      Damage    Failure   Level
a - Wereblood             Tmut           0%         N/A       82%         2

Your spell library contained the following spells:

 Spells                   Type           Power      Damage    Failure   Level
 Sublimation of Blood     Necr           0%         N/A       82%         2
 Summon Hydra             Summ           0%         N/A       100%        7


Dungeon Overview and Level Annotations

Branches:
Dungeon (2/15)

Altars:

Annotations:
D:2 Robin


Innate Abilities, Weirdness & Mutations

You are too large for most types of armour.
You have tough skin. (AC +1)


Message History

The goblin hits you but does no damage. You block the goblin's attack.
You sock the goblin!
You kill the goblin!
You block the goblin's attack. The goblin hits you but does no damage.
The hobgoblin hits you but does no damage.
You closely miss the goblin.
The goblin is moderately wounded.
The goblin hits you with a +0 club. The goblin closely misses you.
You block the goblin's attack. The hobgoblin barely misses you.
You block the goblin's attack. The goblin misses you.
The hobgoblin hits you but does no damage.
The goblin hits you with a +0 club.
You thump the goblin!
You kill the goblin!
The goblin hits you but does no damage. The hobgoblin closely misses you.
The goblin hits you with a +0 club. Robin throws the goblin at you!
Unknown command.
You closely miss the goblin. You block the goblin's attack.
The hobgoblin closely misses you. The goblin barely misses you.
The goblin hits you with a +0 club. The goblin barely misses you.
The goblin hits you but does no damage. You block the goblin's attack.
The hobgoblin hits you.
* * * LOW HITPOINT WARNING * * *
You closely miss the goblin. The goblin hits you but does no damage.
The hobgoblin closely misses you. The goblin hits you but does no damage.
The goblin hits you with a +0 club.
* * * LOW HITPOINT WARNING * * *
You closely miss the goblin. The goblin hits you with a +0 club.
* * * LOW HITPOINT WARNING * * *
The hobgoblin barely misses you. The goblin hits you with a +0 club.
* * * LOW HITPOINT WARNING * * *
The goblin hits you with a +0 club.
* * * LOW HITPOINT WARNING * * *
Robin roars a battlecry!
The goblins go into a battle-frenzy!
You hit the goblin.
The goblin is moderately wounded.
You block the goblin's attack. You block the hobgoblin's attack.
The goblin hits you but does no damage. x2; The hobgoblin hits you.
You die...

### #.. ### #.# #.#
#.. #.##.##.# #.#
#.##.##.# #.#
######.##.##.# #.#
.......#...#.###.###
######.#...#.#.gggg#
#.....#.#.#@#.#
#.#...#...#g#
#.#.....###g#
######.#...#.###.#
......†..........>
######.#....####..
#.#....# #..
#.#..).# #...
#.##...#


You could see Robin, a hobgoblin (strong) and 4 goblins.

Vanquished Creatures
  A ball python (D:1)
  4 bats
  7 endoplasms
  3 giant cockroaches (D:2)
  3 hobgoblins
  3 quokkas
  A frilled lizard (D:1)
  7 goblins
  8 kobolds
  5 rats
42 creatures vanquished.

Notes
Turn   | Place    | Note
-------+----------+-------------------------------------------
     0 | D:1      | greasedhog the Ogre Fighter began the quest for the Orb.
     0 | D:1      | Reached XP level 1. HP: 24/24 MP: 1/1
   203 | D:1      | Reached XP level 2. HP: 32/32 MP: 2/2
   693 | D:2      | Reached XP level 3. HP: 37/40 MP: 3/3
  1163 | D:2      | Learned a level 2 spell: Wereblood
  1254 | D:2      | Noticed Robin
  1271 | D:2      | Slain by a hobgoblin

Illustrated notes

Levels and vault maps discovered:
D:1:      eino_arrival_water_cross, layout_loops_ring
D:2:      minmay_recursive_quarters, layout_basic, uniq_robin

Skill      XL: |  1  2 |
---------------+-------+-----
Maces & Flails | 2 |  2.5
Dodging        | 3 |  3.2
Fighting       | |  4.8
Shields        | |  3.0

Action                   || total
-------------------------++-------
Melee: Flail             ||   127
  Use: Scroll            ||     1
       Potion            ||     1
Armor: Robe              ||    60
Dodge: Dodged            ||    72
Block: Kite shield       ||    51

Table legend: (Time is in decaauts)
 A = Elapsed time spent in this place.
 B = Non-inter-level travel time spent in this place.
 C = Inter-level travel time spent in this place.
 D = Time resting spent in this place.
 E = Time spent auto-exploring this place.
 F = Levels seen in this place.
 G = Mean time per level.
                   A        B        C        D        E       F      G
               +--------+--------+--------+--------+--------+-----+--------+
         Total |   1324 |   1291 |     33 |      0 |    985 |   2 |  662.0 |
       Dungeon |   1324 |   1291 |     33 |      0 |    985 |   2 |  662.0 |
               +--------+--------+--------+--------+--------+-----+--------+

Top non-repeatable levels by time:
     D:2: 671 daAuts
     D:1: 653 daAuts
